 Dungeon Crawl Stone Soup version 0.27.1-3-gb3d3a73c9e (webtiles) character file.

Game seed: 12696497946772672096

78 H0rd4k the Charlatan (level 4, 0/32 HPs)
             Began as a Human Artificer on Oct 20, 2021.
             Slain by a phantom (8 damage)
             ... on level 4 of the Dungeon.
             The game lasted 00:05:03 (3163 turns).

H0rd4k the Charlatan (Human Artificer)              Turns: 3163, Time: 00:05:04

Health: 0/32       AC:  3    Str: 13    XL:     4   Next: 61%
Magic:  4/4        EV: 12    Int: 12    God:
Gold:   64         SH:  0    Dex: 13    Spells: 3/3 levels left

rFire    . . .     SeeInvis .   j - +0 dagger
rCold    + . .     Faith    +   (no shield)
rNeg     . . .     Spirit   .   b - +0 leather armour
rPois    .         Reflect  .   (no helmet)
rElec    .         Harm     .   (no cloak)
rCorr    .         Rampage  .   (no gloves)
Will     .....                  (no boots)
Stlth    +.........             n - amulet of faith
HPRegen  0.10/turn              l - ring of protection from cold
MPRegen  0.09/turn              (no ring)

@: no status effects
A: no striking features
a: no special abilities


You were on level 4 of the Dungeon.
You visited 1 branch of the dungeon, and saw 4 of its levels.

You collected 64 gold pieces.

Inventory:

Hand Weapons
 a - a +0 club
 j - a +0 dagger (weapon)
Missiles
 k - 4 datura-tipped darts
 r - 9 poisoned darts
Armour
 b - a +0 leather armour (worn)
Jewellery
 l - a ring of protection from cold (left hand)
 n - an amulet of faith (around neck)
Wands
 c - a wand of flame (14) (quivered)
 d - a wand of charming (16)
Scrolls
 f - a scroll of enchant armour {unknown}
 g - 4 scrolls of identify {unknown}
 h - 2 scrolls of teleportation {unknown}
 m - a scroll of magic mapping {unknown}
Potions
 i - 2 potions of curing {unknown}
 o - 2 potions of might {unknown}
 p - a potion of mutation {unknown}
 q - a potion of magic {unknown}
Miscellaneous
 e - a piece from Xom's chessboard (15/15)


   Skills:
 + Level 1.6 Fighting
 + Level 1.2 Short Blades
 - Level 2.0 Armour
 + Level 2.0 Dodging
 - Level 1.0 Stealth
 + Level 4.1 Evocations


You had 3 spell levels left.
You didn't know any spells.
Your spell library was empty.

Dungeon Overview and Level Annotations

Branches:
Dungeon (4/15)
 Temple: D:4-7

Altars:

Annotations:
D:2 1 runed translucent door, exclusion: door, Crazy Yiuf


Message History

d - a wand of charming (16) (gained 10 charges)
The phantom hits you.
Found 10 gold pieces.
Your water moccasin skeleton bites the phantom.
The phantom closely misses you.
Your water moccasin skeleton bites the phantom.
You hit the phantom.
The phantom is heavily damaged.
The phantom barely misses you.
The orc priest closely misses your water moccasin skeleton.
Your water moccasin skeleton closely misses the phantom.
A hobgoblin comes into view.
You hit the phantom.
The phantom is heavily damaged.
The phantom hits you.
The orc priest hits your water moccasin skeleton with a +0 dagger.
Your water moccasin skeleton bites the orc priest.
You closely miss the phantom.
The phantom is heavily damaged.
The phantom hits you!
* * * LOW HITPOINT WARNING * * *
An orc comes into view. It is wielding a +0 short sword.
Your water moccasin skeleton bites the orc priest.
The orc priest hits your water moccasin skeleton with a +0 dagger.
Your water moccasin skeleton completely misses the orc priest.
The orc priest casts a cantrip, but nothing happens.
The hobgoblin barely misses your water moccasin skeleton.
Your water moccasin skeleton barely misses the orc priest.
The orc priest hits your water moccasin skeleton with a +0 dagger.
Your water moccasin skeleton barely misses the orc priest.
The hobgoblin misses your water moccasin skeleton.
The orc priest barely misses your water moccasin skeleton.
Your water moccasin skeleton barely misses the orc priest.
The hobgoblin barely misses your water moccasin skeleton.
The orc priest hits your water moccasin skeleton with a +0 dagger.
Your water moccasin skeleton bites the orc priest.
Something hits your water moccasin skeleton.
Your water moccasin skeleton bites something.
You feel a bit more experienced. The phantom hits you!
You die...

##.#.........##....#......
#..##............#........
#)##...........###§Z.$....
#.....##.......# #.§..#...
##....#<.####.## #........
##.#.)(## ### #.#......
#.##...# #####.....
.......########..$#.....
......#.@W.##.#.g........
#....####.....o.Zo##..####
#...## #$......#.###...#
#............##### ##..#
#.. #.##.#...# ##... #.
###..## .... . ##.# ....
... #... ...#


You could see a phantom, an orc and a friendly water moccasin skeleton (charmed,
unaware).

Vanquished Creatures
  2 adders (D:2)
  3 ball pythons
  3 bats
  5 endoplasms
  2 giant cockroaches (D:1)
  3 goblins
  6 hobgoblins
  A jackal (D:4)
  7 kobolds
  A quokka (D:1)
  2 frilled lizards
  6 rats (D:2)
41 creatures vanquished.

Vanquished Creatures (collateral kills)
  An orc priest (D:4)
  An adder (D:3)
  3 orcs (D:3)
  A goblin (D:1)
  A hobgoblin (D:1)
  A bat (D:1)
  2 rats
10 creatures vanquished.

Vanquished Creatures (others)
  2 orcs
  An endoplasm (D:1)
  A fungus (D:2)
4 creatures vanquished.

Grand Total: 55 creatures vanquished

Notes
Turn   | Place    | Note
-------+----------+-------------------------------------------
     0 | D:1      | H0rd4k the Human Artificer began the quest for the Orb.
     0 | D:1      | Reached XP level 1. HP: 15/15 MP: 1/1
   316 | D:1      | Reached XP level 2. HP: 9/21 MP: 2/2
  1048 | D:1      | Reached XP level 3. HP: 8/26 MP: 3/3
  1378 | D:1      | Found a faded altar of an unknown god.
  1559 | D:1      | Reached skill level 4 in Evocations
  2188 | D:2      | Reached XP level 4. HP: 22/32 MP: 4/4
  2393 | D:2      | Reached skill level 1 in Short Blades
  2893 | D:2      | Found a runed translucent door.
  2894 | D:2      | Noticed Crazy Yiuf
  3134 | D:4      | Noticed a phantom
  3163 | D:4      | Slain by a phantom

Illustrated notes

Levels and vault maps discovered:
D:1:      beargit_arrival_diablo_church, layout_rooms,
          ebering_ecumenical_altar_rust, chequers_avenue, minmay_3d_cube
D:2:      layout_basic, minmay_misc_feat_more_columns, uniq_crazy_yiuf_cottage
D:3:      layout_basic, gammafunk_temple_overflow_statue, nrook_loot_triangle,
          uniq_jessica
D:4:      layout_cave_pools, kennysheep_slug_shrine, serial_column_ruins,
          column_ruins_hut, column_ruins_hut, column_ruins_columns_corner,
          column_ruins_grid_1, column_ruins_columns_straight

Skill      XL: |  1  2  3  4 |
---------------+-------------+-----
Evocations     | 4 |  4.1
Short Blades   | 1 |  1.2
Dodging        | 2 |  2.0
Fighting       | |  1.6
Armour         | |  2.0
Stealth        | |  1.0

Action                   |  1- 3 |  4- 6 || total
-------------------------+-------+-------++-------
Melee: Club              |    47 |       ||    47
       Dagger            |   110 |    71 ||   181
Evoke: Wand              |     5 |     5 ||    10
 Stab: Distracted        |     1 |       ||     1
       Sleeping          |       |     1 ||     1
Armor: Leather armour    |    45 |    15 ||    60
Dodge: Dodged            |   112 |    45 ||   157
